Match 46346222
Unlisted

Match 46346222
End
Selects Italian Coastal Battlegroup
Selects Coastal Reserves
Coastal Reserve
Pioneer Squad
Coastal Reserve
Coastal Reserve
Construct Infanterie Kompanie
Coastal Reserve
Infanterie Officer Quarters
Selects Support Bunkers
Construct Panzergrenadier Kompanie
Selects Designated Artillery Overwatch
Medical Bunker
GrW 34 Mortar Team
Support Elements
Construct Luftwaffe Kompanie
Selects Bulwark
StuG III G Assault Gun
Designated Artillery Overwatch
Selects Artillery Officer
Panzergrenadier Squad
Pioneer Squad
Selects Obice da 210/22 Artillery Emplacement
Medical Station
StuG III G Assault Gun
Alloyzy Klex®
SEPH
Hydra7-1
Ashur
0
0

Comments sign in to comment!

No comments posted yet!